 Dungeon Crawl Stone Soup version 0.25.1-2-g60ff931df9 (webtiles) character file.

Game seed: 879498607731779488

348 Almogavar the Cudgeler (level 6, 0/52 HPs)
             Began as a Draconian Fighter on Aug 31, 2020.
             Slain by a gnoll
             ... wielding a +0 whip
              (5 damage)
             ... on level 4 of the Dungeon.
             The game lasted 00:10:39 (3801 turns).

Almogavar the Cudgeler (Draconian Fighter)          Turns: 3801, Time: 00:10:39

Health: 0/52       AC:  7    Str: 26    XL:     6   Next: 33%
Magic:  6/6        EV: 11    Int:  9    God:
Gold:   183        SH: 10    Dex: 10    Spells: 5/5 levels left

rFire    . . .     SeeInvis .   a - +0 flail
rCold    . . .     Gourm    .   b - +0 kite shield
rNeg     . . .     Faith    .   (armour unavailable)
rPois    .         Spirit   .   (helmet restricted)
rElec    .         Reflect  .   (no cloak)
rCorr    .         Harm     .   s - +0 pair of gloves
MR       .....                  (no boots)
Stlth    +.........             (no amulet)
HPRegen  0.17/turn              k - +6 ring of strength
MPRegen  0.10/turn              (no ring)

@: lethally poisoned (0 -> -1)
A: unfitting armour, cold-blooded, AC +6
a: no special abilities


You were on level 4 of the Dungeon.
You were not hungry.

You visited 1 branch of the dungeon, and saw 4 of its levels.

You collected 183 gold pieces.

Inventory:

Hand Weapons
 a - a +0 flail (weapon)
Armour
 b - a +0 kite shield (worn)
 s - a +0 pair of gloves (worn)
Jewellery
 k - a +6 ring of strength (left hand)
Scrolls
 e - a scroll of enchant armour {unknown}
 f - a scroll of teleportation {unknown}
 g - a scroll of amnesia {unknown}
 j - 2 scrolls of blinking
 n - a scroll of immolation {unknown}
 r - a scroll of enchant weapon {unknown}
 t - a scroll of magic mapping {unknown}
Potions
 c - a potion of might
 h - a potion of flight {unknown}
 i - a potion of stabbing {unknown}
 l - 2 potions of lignification {unknown}
 m - a potion of invisibility {unknown}
 o - a potion of ambrosia {unknown}
 p - a potion of curing {unknown}
Comestibles
 d - 6 rations
 q - 2 chunks of flesh


   Skills:
 + Level 4.2 Fighting
 + Level 4.5 Maces & Flails
 + Level 3.9 Dodging
 + Level 1.2 Stealth
 + Level 3.9 Shields


You had 5 spell levels left.
You didn't know any spells.
Your spell library contained the following spells:

 Spells                   Type           Power        Failure   Level  Hunger
 Shock                    Conj/Air       #...         86%         1    ##.....
 Swiftness                Chrm/Air       #.......     95%         2    ###....
 Static Discharge         Conj/Air       #.......     99%         3    ####...
 Airstrike                Air            #.........   100%        4    #####..
 Lightning Bolt           Conj/Air       #.........   100%        5    ######.


Dungeon Overview and Level Annotations

Branches:
Dungeon (4/15)
 Temple: D:4-7

Altars:
Fedhas
Ru
Vehumet
Wu Jian

Annotations:
D:4 1 runed translucent door, Crazy Yiuf


Innate Abilities, Weirdness & Mutations

Your plain brown scales are hard. (AC +6)
You cannot fit into any form of body armour.
You are cold-blooded and may be slowed by cold attacks.


Message History

You block the gnoll's attack.
You hit the gnoll but do no damage.
The gnoll is heavily wounded.
You feel sick. You block the gnoll's attack.
You sock the gnoll!
You kill the gnoll!
You closely miss the gnoll.
You feel sick. You block the gnoll's attack.
You sock the gnoll!
Your tail-slap misses the gnoll.
The gnoll is heavily wounded.
The gnoll hits you.
* * * LOW HITPOINT WARNING * * *
The gnoll hits you.
* * * LOW HITPOINT WARNING * * *
You bludgeon the gnoll!!
You kill the gnoll!
Your shield prevents you from hitting the gnoll.
You feel sick. The gnoll hits you with a +0 whip.
* * * LOW HITPOINT WARNING * * *
The gnoll hits you with a +0 whip.
You die...

...[......#..#.#.##.
########.#...#.......
.............#.......
#####..#.##.####...##
#..#.....#....... ..
#..#..#..#...#.(. ....
#.(#.....###≈#≈##
.....######..##.##.....#...
.........g@..#...#...#.#.#.
#....#...##.##..##...#####.
#g. #...##.##...#...#_#.#.
# #...##......#.....#...
#...#####.#...###≈#≈##
#...# #.##..#...#... .....
..#.##..#....... #........#
#.#.##.####...## #........#
#.#.....#.......


You could see a gnoll.

Vanquished Creatures
  2 hounds (D:4)
  An orc wizard (D:3)
  A bullfrog skeleton (D:4)
  2 worker ants (D:4)
  7 gnolls
  A howler monkey skeleton (D:4)
  4 adders
  An ooze (D:1)
  2 worms (D:4)
  3 dart slugs
  2 leopard geckos
  4 orcs (D:3)
  2 giant cockroaches
  2 goblins
  7 hobgoblins
  2 jackals (D:1)
  A quokka (D:4)
  2 ball pythons
  6 bats
  A frilled lizard (D:3)
  A jackal skeleton (D:4)
  4 kobolds
  A rat (D:1)
59 creatures vanquished.

Notes
Turn   | Place    | Note
-------+----------+-------------------------------------------
     0 | D:1      | Almogavar the Draconian Fighter began the quest for the
                  | Orb.
     0 | D:1      | Reached XP level 1. HP: 19/19 MP: 1/1
    74 | D:1      | Reached XP level 2. HP: 23/26 MP: 2/2
   641 | D:2      | Reached XP level 3. HP: 26/31 MP: 3/3
   697 | D:2      | Found a blossoming altar of Fedhas.
   697 | D:2      | Found an ornate altar of the Wu Jian Council.
  1148 | D:2      | HP: 1/33 [gnoll/+0 spear (12)]
  1154 | D:2      | Reached XP level 4. HP: 29/40 MP: 4/4
  1738 | D:3      | Reached XP level 5. HP: 14/46 MP: 5/5
  2326 | D:3      | Found a radiant altar of Vehumet.
  3023 | D:4      | Found a runed translucent door.
  3024 | D:4      | Noticed Crazy Yiuf
  3153 | D:4      | Reached skill level 1 in Stealth
  3471 | D:4      | Found a sacrificial altar of Ru.
  3532 | D:4      | Reached XP level 6. HP: 38/52 MP: 6/6
  3801 | D:4      | Slain by a gnoll

Illustrated notes

Levels and vault maps discovered:
D:1:      minmay_arrival_up_and_down, layout_rooms
D:2:      layout_basic, gammafunk_temple_overflow_elements
D:3:      layout_loops_ring, vehumet_crystals, first_ration
D:4:      layout_basic, hangedman_ru_absence, chequers_serial_rivers_micro_e,
          uniq_crazy_yiuf_cottage

Skill      XL: |  1  2  3  4  5 |
---------------+----------------+-----
Dodging        | 3 |  3.9
Maces & Flails | 3 4 |  4.5
Fighting       | 4 |  4.2
Stealth        | 1 |  1.2
Shields        | |  3.9

Action                   |  1- 3 |  4- 6 || total
-------------------------+-------+-------++-------
Melee: Flail             |    93 |   143 ||   236
       Tailslap          |     9 |    16 ||    25
  Use: Scroll            |     2 |       ||     2
       Potion            |     2 |       ||     2
  Eat: Chunk             |     1 |     8 ||     9
Armor: Skin              |    32 |    29 ||    61
Dodge: Dodged            |    45 |    54 ||    99
Block: Kite shield       |    49 |    71 ||   120
